AoeStats
← Durandal

Arena

510076977Analyzed
4v4 RM · 3d ago on Sep 29, 2026· 54m 44s· 8 players
Game mode
Random Map
Map size
Large (8 player)
Population
200
Speed
Normal
Resources
Standard
Victory
Conquest
Starting age
Dark Age
Ending age
Imperial Age
RankedLock teamsTeams togetherTeam positionsShared explorationLock speedFull tech treeHidden civsTurbo modeCheats
Victory
Defeat
1194
+9
🇲🇽 Spanish · Mexico
1044
+15
🇨🇳 Persians · China
978
+17
🇭🇰 Turks · Hong Kong SAR China
972
+18
🇨🇳 Britons · China
1088
-18
🇮🇳 Burgundians · India
1006
-14
🇮🇳 Vikings · India
997
-14
🇨🇳 Teutons · China
974
-13
Alex Auditore Mercer
7:53 Double-Bit Axe
7:59 Horse Collar
10:56 Feudal Age
14:39 Castle Age
13:13 Heavy Plow
20:34 Wheelbarrow
23:15 Hand Cart
23:53 Gold Mining
23:53 Stone Mining
26:07 Gold Shaft Mining
29:42 Imperial Age
27:20 Scale Barding Armor
27:25 Forging
27:18 Loom
28:14 Bow Saw
28:57 Chain Barding Armor
29:29 Iron Casting
30:45 Two-Man Saw
30:07 Town Watch
30:32 Burgundian Vineyards
30:48 Conscription
31:08 Stone Shaft Mining
31:11 Plate Barding Armor
31:40 Chemistry
32:08 Blast Furnace
31:25 Husbandry
31:36 Squires
32:00 Elite Coustillier
33:55 Padded Archer Armor
34:55 Masonry
36:15 Leather Archer Armor
36:10 Light Cavalry
40:31 Pikeman
41:11 Squires
42:16 Halberdier
43:43 Architecture
43:55 Scale Mail Armor
49:16 Hussar
51:47 Hoardings
eduhaas
10:53 Feudal Age
14:34 Castle Age
12:25 Double-Bit Axe
12:23 Horse Collar
16:04 Bow Saw
21:45 Heavy Plow
23:49 Wheelbarrow
23:00 Loom
23:06 Town Watch
29:25 Imperial Age
27:28 Hand Cart
28:29 Forging
28:24 Scale Barding Armor
29:46 Iron Casting
29:06 Gold Mining
29:06 Stone Mining
29:31 Husbandry
29:41 Bloodlines
30:32 Conscription
29:36 Cavalier
31:44 Two-Man Saw
31:31 Stone Shaft Mining
31:50 Chain Barding Armor
32:31 Blast Furnace
34:05 Paladin
37:06 Plate Barding Armor
36:32 Padded Archer Armor
36:23 Fletching
38:46 Chemistry
38:07 Ballistics
38:16 Ballistics
46:34 Town Patrol
45:58 Elite Conquistador
47:16 Hoardings
Shin Kawashima
8:24 Loom
11:03 Feudal Age
11:34 Horse Collar
16:13 Castle Age
14:06 Double-Bit Axe
15:51 Gold Mining
22:55 Imperial Age
21:08 Heavy Plow
21:21 Bow Saw
21:52 Padded Archer Armor
23:21 Leather Archer Armor
24:33 Ring Archer Armor
27:26 Two-Man Saw
26:48 Scale Barding Armor
26:54 Forging
29:45 Gold Shaft Mining
29:00 Stone Mining
29:08 Stone Mining
29:39 Chain Barding Armor
30:37 Husbandry
32:16 Bloodlines
33:03 Heavy Camel Rider
34:51 Plate Barding Armor
34:52 Iron Casting
35:13 Wheelbarrow
37:39 Conscription
42:47 Artillery
50:25 Hand Cart
49:58 Town Watch
51:19 Blast Furnace
53:47 Bombard Tower
53:47 Ballistics
53:09 Treadmill Crane
53:25 Murder Holes
53:40 Masonry
53:41 Town Patrol
Durandal
11:47 Feudal Age
12:43 Double-Bit Axe
13:32 Horse Collar
16:11 Castle Age
17:33 Bow Saw
20:29 Heavy Plow
22:37 Gold Mining
22:37 Stone Mining
26:43 Husbandry
26:54 Bloodlines
28:50 Forging
28:45 Scale Barding Armor
31:13 Imperial Age
30:07 Wheelbarrow
30:15 Devotion
31:08 Elite War Elephant
32:53 Conscription
34:35 Gold Shaft Mining
34:36 Stone Shaft Mining
36:28 Iron Casting
36:13 Chain Barding Armor
40:08 Chain Barding Armor
40:49 Blast Furnace
41:25 Plate Barding Armor
屠夫
10:02 Feudal Age
11:36 Town Watch
11:45 Double-Bit Axe
14:31 Castle Age
12:27 Horse Collar
16:05 Bow Saw
21:11 Heavy Plow
21:07 Stone Mining
21:50 Gold Mining
22:49 Stone Shaft Mining
25:06 Wheelbarrow
24:23 Loom
25:00 Scale Barding Armor
27:46 Imperial Age
26:06 Hand Cart
26:30 Forging
27:07 Chain Barding Armor
29:10 Iron Casting
28:59 Bloodlines
29:52 Plate Barding Armor
29:15 Cavalier
30:24 Conscription
32:57 Blast Furnace
32:27 Paladin
40:07 Crop Rotation
40:39 Two-Man Saw
46:25 Siege Engineers
47:09 Scale Mail Armor
49:09 Fletching
48:57 Elite Skirmisher
50:12 Bodkin Arrow
50:18 Padded Archer Armor
52:18 Ballistics
52:58 Chemistry
52:18 Leather Archer Armor
52:16 Pikeman
52:56 Squires
54:01 Chain Mail Armor
54:59 Crenellations
涛哥
10:15 Feudal Age
14:09 Castle Age
13:18 Double-Bit Axe
22:24 Horse Collar
23:47 Bow Saw
29:55 Imperial Age
28:29 Wheelbarrow
28:39 Padded Archer Armor
28:29 Fletching
28:47 Gold Mining
29:23 Ballistics
29:02 Crossbowman
29:53 Squires
29:13 Pikeman
30:13 Leather Archer Armor
29:54 Bodkin Arrow
30:27 Yeomen
30:45 Gold Shaft Mining
30:39 Heavy Plow
30:34 Loom
31:34 Bracer
33:27 Ring Archer Armor
33:26 Conscription
34:58 Chemistry
34:05 Arbalester
37:22 Scale Barding Armor
45:19 Halberdier
SHALOMS WRATH
0:55 Loom
7:30 Double-Bit Axe
11:19 Feudal Age
9:56 Gold Mining
10:02 Horse Collar
10:34 Stone Mining
17:52 Castle Age
16:14 Bow Saw
16:17 Heavy Plow
17:19 Stone Shaft Mining
17:26 Gold Shaft Mining
20:20 Wheelbarrow
20:48 Two-Man Saw
23:20 Hand Cart
25:45 Burgundian Vineyards
30:33 Imperial Age
27:58 Elite Skirmisher
29:09 Padded Archer Armor
29:00 Fletching
30:47 Leather Archer Armor
30:28 Bodkin Arrow
31:00 Ballistics
33:46 Chemistry
32:42 Murder Holes
32:27 Treadmill Crane
32:58 Masonry
33:21 Bracer
33:48 Town Watch
34:41 Crop Rotation
35:26 Town Patrol
35:51 Fortified Wall
38:16 Conscription
40:21 Scale Mail Armor
40:32 Forging
41:25 Pikeman
42:06 Squires
41:51 Arson
43:48 Chain Mail Armor
44:15 Iron Casting
45:52 Plate Mail Armor
46:57 Blast Furnace
46:40 Halberdier
Binghazi III
9:10 Loom
12:22 Feudal Age
16:06 Castle Age
15:18 Double-Bit Axe
22:34 Elite Skirmisher
23:37 Pikeman
26:59 Scale Mail Armor
27:00 Padded Archer Armor
26:52 Fletching
29:43 Bodkin Arrow
38:40 Squires
38:42 Scale Mail Armor
38:52 Forging
Connection lost

Rejoining the realm…

Still unreachable

The connection could not be restored.

Session expired

The server has moved on; the page needs a fresh start.